Map: Overgrown Facility

Players

Scazard

  • Race: Zerg Zerg
  • Spawn Location: 9:00

Teknyc

  • Race: Terran Terran
  • League: Diamond
  • Spawn Location: 7:00

PureLegacy - Winner!

  • Race: Terran Terran
  • Spawn Location: 1:00

LOADBLASTER - Winner!

  • Race: Terran Terran
  • League: Grandmaster
  • Spawn Location: 3:00

VOD

Have the link to the VOD?

Description

Time

  • Played on: Nov. 29, 2018, 6:51 a.m.
  • Length: 5:56
Show
View Real Time Build Order
Export as new Build Order

Scazard Zerg 

Build Orders: Pool First 

Get SALT Encoding   

  12  0:01  Drone  
  13  0:12  Overlord  
  13  0:19  Drone  
  14  0:34  Drone x2  
  16  0:39  Drone  
  17  0:47  Drone  
  18  0:51  Spawning Pool  
  18  0:56  Drone  
  18  0:59  Extractor  
  17  1:08  Drone  
  18  1:22  Hatchery  
  17  1:34  Drone  
  17  1:35  Drone  
  17  1:39  Queen  
  21  1:44  Overlord  
  21  1:51  Zergling x2  
  22  2:06  Drone  
  23  2:12  Metabolic Boost  
  23  2:17  Queen  
  23  2:18  Drone  
  26  2:26  Zergling x2  
  27  2:41  Zergling x4  
  27  2:44  Queen  
  29  2:45  Zergling x4  
  29  2:49  Overlord  
  29  2:51  Zergling x4  
  35  3:24  Zergling x2  
  35  3:25  Zergling x14  
  41  3:36  Zergling x2  
  42  3:57  Overlord  
  42  4:01  Roach Warren  
  41  4:13  Zergling x2  
  41  4:14  Zergling x4  
  44  4:18  Zergling x2  
  44  4:19  Zergling x6  
  38  4:43  Roach  
  38  4:44  Roach x6  
  50  5:05  Overlord  
  50  5:06  Overlord  
Show
View Real Time Build Order
Export as new Build Order

Teknyc Terran 

Build Orders:  

Get SALT Encoding   

  12  0:01  SCV  
  13  0:13  SCV  
  14  0:18  Supply Depot  
  14  0:25  SCV  
  15  0:30  Refinery  
  15  0:40  SCV  
  16  0:51  Barracks  
  16  0:52  SCV  
  18  1:04  SCV  
  18  1:11  Barracks  
  18  1:19  SCV  
  19  1:31  SCV  
  20  1:32  Barracks  
  20  1:37  Reaper  
  21  1:45  SCV  
  22  1:48  Refinery  
  22  1:59  Reaper  
  23  2:12  Reaper  
  23  2:15  Orbital Command  
  22  2:23  Supply Depot  
  22  2:27  Reaper  
  22  2:31  Marine  
  23  2:45  Reaper  
  23  2:49  Marine  
  23  2:59  Reaper  
  24  3:05  Barracks  
  24  3:06  SCV  
  26  3:23  Reaper  
  25  3:36  Reaper  
  21  4:00  Factory, Barracks Tech Lab  
  20  4:11  Supply Depot  
  20  4:19  Reaper x2  
  22  4:28  Engineering Bay  
  22  4:36  Supply Depot  
  18  4:51  Marine  
  18  5:01  SCV  
  19  5:13  SCV  
Show
View Real Time Build Order
Export as new Build Order

PureLegacy Terran - Winner!

Build Orders:  

Get SALT Encoding   

  12  0:01  SCV  
  13  0:13  SCV  
  14  0:19  Supply Depot  
  14  0:25  SCV  
  15  0:30  Refinery  
  15  0:41  SCV  
  16  0:45  Barracks  
  16  0:53  SCV  
  17  1:03  Barracks  
  17  1:17  Barracks  
  17  1:21  SCV  
  18  1:34  Reaper  
  19  1:40  Orbital Command  
  19  1:48  Refinery  
  19  1:51  Reaper  
  20  1:59  Supply Depot  
  20  2:06  Reaper  
  21  2:08  Reaper  
  22  2:26  Reaper  
  23  2:32  Barracks  
  23  2:36  Barracks  
  23  2:44  Reaper  
  23  2:49  Reaper  
  23  2:50  SCV  
  26  2:59  Reaper  
  26  3:03  Supply Depot  
  26  3:04  SCV  
  28  3:16  SCV  
  28  3:18  Reaper  
  30  3:22  Reaper  
  30  3:25  Reaper  
  32  3:29  Reaper  
  32  3:31  SCV  
  32  3:49  Reaper  
  32  3:54  Reaper  
  31  3:56  Command Center  
  31  4:00  Reaper  
  32  4:16  Reaper x2  
  34  4:18  SCV  
  35  4:26  Supply Depot  
  35  4:33  Reaper  
  35  4:34  Reaper  
  35  4:37  SCV  
  38  4:38  Reaper  
  39  4:45  Barracks  
  39  4:47  Barracks  
  39  4:52  SCV  
  40  4:54  Reaper  
  41  5:03  Reaper  
  41  5:07  Reaper, SCV  
  43  5:10  Orbital Command  
  44  5:19  SCV  
  44  5:22  Reaper  
  45  5:37  SCV  
  45  5:38  SCV  
  45  5:39  Refinery  
  45  5:40  Refinery  
Show
View Real Time Build Order
Export as new Build Order

LOADBLASTER Terran - Winner!

Build Orders: Liberator Opening 

Get SALT Encoding   

  12  0:00  SCV  
  13  0:12  SCV  
  14  0:18  Supply Depot  
  14  0:26  SCV  
  15  0:39  SCV  
  15  0:41  Barracks  
  16  0:45  Refinery  
  16  0:51  SCV  
  17  1:03  SCV  
  18  1:16  SCV  
  19  1:28  Orbital Command  
  19  1:30  Marine  
  20  1:43  Command Center  
  20  1:54  Factory  
  20  1:58  SCV  
  21  2:03  Barracks Reactor  
  21  2:13  SCV  
  21  2:14  Supply Depot  
  22  2:17  Refinery  
  22  2:25  SCV  
  22  2:37  SCV  
  22  2:43  Starport  
  23  2:46  Hellion x2  
  23  2:48  Barracks Tech Lab  
  23  2:49  SCV  
  28  2:57  Orbital Command  
  28  3:01  SCV  
  29  3:08  Hellion  
  29  3:09  Liberator  
  31  3:13  SCV  
  31  3:14  Hellion  
  34  3:23  SCV  
  34  3:25  SCV  
  39  3:32  Supply Depot  
  39  3:35  SCV  
  39  3:37  Hellion  
  39  3:38  SCV  
  43  3:47  SCV  
  44  3:48  Supply Depot  
  44  3:50  SCV  
  44  3:54  Hellion  
  47  3:59  SCV  
  47  4:01  Hellion  
  47  4:02  SCV  
  51  4:06  Liberator  
  49  4:11  SCV  
  49  4:14  SCV  
  49  4:15  Hellion  
  51  4:22  Hellion  
  51  4:23  SCV  
  57  4:26  SCV  
  58  4:35  SCV  
  58  4:37  Hellion  
  61  4:38  SCV  
  61  4:43  Hellion  
  61  4:44  Command Center  
  59  4:47  SCV  
  59  4:49  Armory  
  59  4:51  SCV  
  61  4:56  Supply Depot  
  61  4:59  Hellion, Barracks Tech Lab  
  64  5:03  SCV  
  64  5:11  Factory  
  64  5:12  Factory  
  64  5:14  Refinery  
  64  5:15  Refinery, SCV  
  64  5:18  SCV  
  66  5:28  SCV  
  65  5:30  SCV  
  65  5:32  Starport Reactor, Hellion  
  60  5:40  SCV  
  60  5:42  SCV  
Tags
 
Add a new tag
Caveats
  • Supply blocks, unpowered buildings, or Contaminate may cause inaccurate times.
  • Supply counts are checked every 10 seconds.